 Dungeon Crawl Stone Soup version 0.26.1-11-gd32895ea62 (webtiles) character file.

Game seed: 4102282748203664535

185 promet the Insei (level 5, -4/41 HPs)
             Began as a Gnoll Transmuter on June 10, 2021.
             Was a Follower of Uskayaw.
             Slain by Grinder (5 damage)
             ... while paralysed by Grinder
             ... on level 4 of the Dungeon.
             The game lasted 00:13:52 (3362 turns).

promet the Insei (Gnoll Transmuter)                 Turns: 3362, Time: 00:13:53

Health: -4/41      AC:  3    Str: 12    XL:     5   Next: 64%
Magic:  11/12      EV:  2    Int: 15    God:    Uskayaw [*.....]
Gold:   121        SH:  0    Dex: 17    Spells: 8/14 levels left

rFire    . . .     SeeInvis .   a - +0 glaive
rCold    . . .     Faith    .   (shield currently unavailable)
rNeg     . . .     Spirit   .   h - +1 robe
rPois    .         Reflect  .   (helmet currently unavailable)
rElec    .         Harm     .   (no cloak)
rCorr    .         Rampage  .   (no gloves)
Will     .....                  (boots currently unavailable)
Stlth    ++........             (no amulet)
HPRegen  0.13/turn              (no ring)
MPRegen  0.13/turn              (no ring)

@: paralysed, lethally poisoned (-4 -> -7), appendages
A: distributed training, fangs 1, horns 2, talons 2, strong nose
a: End Transformation, Renounce Religion, Stomp


You were on level 4 of the Dungeon.
You worshipped Uskayaw.
Uskayaw was noncommittal.
You had grown temporary horns.
You had grown temporary talons.
You visited 1 branch of the dungeon, and saw 4 of its levels.

You collected 121 gold pieces.

Inventory:

Hand Weapons
 a - a +0 glaive (weapon)
 g - a +0 short sword
 i - a +0 dagger
Missiles
 b - 20 stones
 d - 2 throwing nets
 e - 8 bolts
 f - 17 arrows
 k - 6 sling bullets
Armour
 c - a +1 pair of boots (melded)
 h - a +1 robe (worn)
Scrolls
 j - 2 scrolls of remove curse
 o - a scroll of teleportation
 q - a scroll of fear
Potions
 l - 2 potions of lignification {unknown}
 m - a potion of flight {unknown}
 n - a potion of degeneration {unknown}
 p - a potion of mutation {unknown}


   Skills:
 + Level 3.0 Fighting
 + Level 1.6 Short Blades
 + Level 1.6 Long Blades
 + Level 1.6 Axes
 + Level 1.6 Maces & Flails
 + Level 1.6 Polearms
 + Level 1.6 Staves
 + Level 1.6 Slings
 + Level 1.6 Bows
 + Level 1.6 Crossbows
 + Level 1.6 Throwing
 + Level 1.6 Armour
 + Level 4.8 Dodging
 + Level 1.6 Stealth
 + Level 1.6 Shields
 + Level 6.7 Unarmed Combat
 + Level 5.2 Spellcasting
 + Level 1.2 Conjurations
 + Level 1.2 Hexes
 + Level 1.2 Summonings
 + Level 1.2 Necromancy
 + Level 1.2 Translocations
 + Level 4.0 Transmutations
 + Level 1.2 Fire Magic
 + Level 1.2 Ice Magic
 + Level 1.2 Air Magic
 + Level 1.2 Earth Magic
 + Level 1.2 Poison Magic
 + Level 1.8 Invocations
 + Level 1.6 Evocations


You had 8 spell levels left.
You knew the following spells:

 Your Spells              Type           Power        Failure   Level
a - Beastly Appendage     Tmut           30%          3%          1
b - Wereblood             Tmut           15%          4%          2
c - Spider Form           Tmut/Pois      5%           16%         3

Your spell library contained the following spells:

 Spells                   Type           Power        Failure   Level
 Ice Form                 Ice/Tmut       11%          47%         4
 Blade Hands              Tmut           7%           65%         5


Dungeon Overview and Level Annotations

Branches:
Dungeon (4/15)
 Temple: D:4-7

Altars:
Nemelex Xobeh
Sif Muna
Uskayaw
Xom
Zin

Annotations:
D:4 Grinder


Innate Abilities, Weirdness & Mutations

Your experience applies equally to all skills.
You have very sharp teeth.
Your uncanny sense of smell can sniff out nearby items.
You have a pair of horns on your head.
You have razor-sharp toenails.


Message History

You grow a pair of large bovine horns.
Your feet morph into talons.
Your +1 pair of boots melds into your body.
Grinder barely misses you.
You hit Grinder but do no damage. Your headbutt misses Grinder.
Your bite misses Grinder. Grinder closely misses you.
You barely miss Grinder. You claw Grinder.
Grinder is lightly wounded.
Grinder gestures at you.
You suddenly lose the ability to move!
Grinder says, "I used to sell toenails on the black market."
Grinder hits you! The worker ant bites you! Grinder gestures at you.
Pain shoots through your body!
* * * LOW HITPOINT WARNING * * *
The worker ant bites you.
* * * LOW HITPOINT WARNING * * *
You are lethally poisoned!
The worker ant poisons you! Grinder hits you.
You die...

# .## #. ..
#.## .# ... #.#
#.. ..# #
##.#..##..#.#
.......<....#
#......@..#.#
......B5.......
#.....##.......
...... ......#
#.:#.. ..#.#.#
#..#. ..#.# #
.. .. ∆... . ..
.... .


You could see Grinder and a worker ant.

Vanquished Creatures
  2 orc wizards (D:3)
  4 gnolls (D:2)
  2 adders
  A worm (D:2)
  5 dart slugs
  2 leopard geckos (D:1)
  An orc (D:3)
  5 bats
  2 giant cockroaches
  7 goblins
  9 hobgoblins
  2 jackals (D:3)
  A frilled lizard (D:2)
  9 kobolds
  11 rats
63 creatures vanquished.

Notes
Turn   | Place    | Note
-------+----------+-------------------------------------------
     0 | D:1      | promet the Gnoll Transmuter began the quest for the Orb.
     0 | D:1      | Reached XP level 1. HP: 17/17 MP: 6/6
   129 | D:1      | Reached XP level 2. HP: 23/23 MP: 7/7
   523 | D:1      | Reached XP level 3. HP: 25/28 MP: 7/9
   686 | D:1      | Reached skill level 5 in Spellcasting
   883 | D:2      | Reached skill level 1 in Invocations
   908 | D:1      | Reached skill level 1 in Short Blades
   908 | D:1      | Reached skill level 1 in Long Blades
   908 | D:1      | Reached skill level 1 in Axes
   908 | D:1      | Reached skill level 1 in Maces & Flails
   908 | D:1      | Reached skill level 1 in Polearms
   908 | D:1      | Reached skill level 1 in Staves
   908 | D:1      | Reached skill level 1 in Slings
   908 | D:1      | Reached skill level 1 in Bows
   908 | D:1      | Reached skill level 1 in Crossbows
   908 | D:1      | Reached skill level 1 in Throwing
   908 | D:1      | Reached skill level 1 in Armour
   908 | D:1      | Reached skill level 1 in Stealth
   908 | D:1      | Reached skill level 1 in Shields
   908 | D:1      | Reached skill level 1 in Evocations
   908 | D:1      | Reached XP level 4. HP: 10/34 MP: 11/11
  1244 | D:2      | Found a shimmering altar of Xom.
  1244 | D:2      | Noticed an angel
  1249 | D:2      | Found a glowing silver altar of Zin.
  1293 | D:2      | Learned a level 2 spell: Wereblood
  1582 | D:2      | Reached skill level 1 in Conjurations
  1582 | D:2      | Reached skill level 1 in Hexes
  1582 | D:2      | Reached skill level 1 in Summonings
  1582 | D:2      | Reached skill level 1 in Necromancy
  1582 | D:2      | Reached skill level 1 in Translocations
  1582 | D:2      | Reached skill level 1 in Fire Magic
  1582 | D:2      | Reached skill level 1 in Ice Magic
  1582 | D:2      | Reached skill level 1 in Air Magic
  1582 | D:2      | Reached skill level 1 in Earth Magic
  1582 | D:2      | Reached skill level 1 in Poison Magic
  1790 | D:2      | Found a sparkling altar of Nemelex Xobeh.
  2152 | D:3      | Found a shimmering blue altar of Sif Muna.
  2304 | D:3      | Reached XP level 5. HP: 40/40 MP: 10/12
  2640 | D:3      | Found a hide-covered altar of Uskayaw.
  2651 | D:3      | Became a worshipper of Uskayaw the Reveller
  2766 | D:3      | Reached * piety under Uskayaw
  3024 | D:3      | Learned a level 3 spell: Spider Form
  3354 | D:4      | Noticed Grinder
  3360 | D:4      | Paralysed by Grinder for 3 turns
  3362 | D:4      | HP: 1/41 [worker ant (5)]
  3362 | D:4      | Slain by Grinder

Illustrated notes

Levels and vault maps discovered:
D:1:      lightli_iron_boxes, layout_basic
D:2:      layout_loops_ring, grunt_temple_overflow_order_and_chaos_1,
          overflow_temple_1_default
D:3:      kennysheep_six_static_rooms, layout_loops_ring, lemuel_crystal_altar,
          led_sif_book
D:4:      layout_basic, general_overflow_altar, lemuel_doored_altar,
          minmay_quantized, uniq_grinder

Skill      XL: |  1  2  3  4  5 |
---------------+----------------+-----
Spellcasting   | 5 |  5.2
Invocations    | 1 |  1.8
Short Blades   | 1 |  1.6
Long Blades    | 1 |  1.6
Axes           | 1 |  1.6
Maces & Flails | 1 |  1.6
Polearms       | 1 |  1.6
Staves         | 1 |  1.6
Slings         | 1 |  1.6
Bows           | 1 |  1.6
Crossbows      | 1 |  1.6
Throwing       | 1 |  1.6
Armour         | 1 |  1.6
Stealth        | 1 |  1.6
Shields        | 1 |  1.6
Evocations     | 1 |  1.6
Conjurations   | 1 |  1.2
Hexes          | 1 |  1.2
Summonings     | 1 |  1.2
Necromancy     | 1 |  1.2
Translocations | 1 |  1.2
Fire Magic     | 1 |  1.2
Ice Magic      | 1 |  1.2
Air Magic      | 1 |  1.2
Earth Magic    | 1 |  1.2
Poison Magic   | 1 |  1.2
Fighting       | 3 |  3.0
Transmutations | 4 |  4.0
Dodging        | |  4.8
Unarmed Combat | |  6.7

Action                   |  1- 3 |  4- 6 || total
-------------------------+-------+-------++-------
Melee: Unarmed           |    36 |       ||    36
       Kick              |     7 |    18 ||    25
       Short sword       |    20 |    28 ||    48
       Hunting sling     |     3 |       ||     3
       Headbutt          |     3 |     9 ||    12
       Bite              |     2 |     7 ||     9
       Punch             |     2 |     1 ||     3
       Halberd           |       |    63 ||    63
       Glaive            |       |     9 ||     9
 Fire: Hunting sling     |     3 |       ||     3
 Cast: Beastly Appendage |    10 |    14 ||    24
       Wereblood         |       |     5 ||     5
  Use: Scroll            |     5 |     3 ||     8
       Potion            |     1 |     1 ||     2
 Stab: Sleeping          |     3 |     4 ||     7
Armor: Robe              |    10 |    15 ||    25
Dodge: Dodged            |    32 |    82 ||   114
